 Dungeon Crawl Stone Soup version 0.28.0-43-g3370ac3207 (webtiles) character file.

Game seed: 12763659563716737575

10261 sanboga the Cleaver (level 11, -8/71 HPs)
             Began as a Gargoyle Fighter on Apr 1, 2022.
             Was a Priest of Trog.
             Mangled by a minotaur
             ... wielding the +5 spear "Beqih" {vorpal, +Blink Dex+2}
              (18 damage)
             ... in a Gauntlet.
             The game lasted 00:19:24 (13729 turns).

sanboga the Cleaver (Gargoyle Fighter)             Turns: 13729, Time: 00:19:25

Health: -8/71      AC: 27    Str: 23    XL:     11   Next: 59%
Magic:  11/11      EV:  7    Int: 13    God:    Trog [***...]
Gold:   566        SH: 11    Dex: 11    Spells: 10/10 levels left

rFire   . . .      SeeInvis +   a - +0 war axe
rCold   . . .      Faith    .   c - +0 buckler
rNeg    + . .      Spirit   .   F - +0 plate armour
rPois   ∞          Reflect  +   G - +1 helmet {Int+3}
rElec   +          Harm     .   (no cloak)
rCorr   +          Rampage  .   g - +0 pair of gloves
Will    .....      NoTele   +   l - +0 pair of boots "Hitiott" {rCorr Dex+2}
Stlth   ..........              r - amulet of reflection
HPRegen 0.21/turn               y - ring of see invisible
MPRegen 0.12/turn               w - ring of flight

@: on berserk cooldown, flying, slowed, very slow
A: sickness immunity, AC +8, negative energy resistance 1, electricity
resistance, torment resistance 1, petrification resistance
a: Renounce Religion, Berserk, Trog's Hand


You were in a Gauntlet.
You worshipped Trog.
Trog was most pleased with you.
You visited 2 branches of the dungeon, and saw 12 of its levels.
You also visited: Sewer, Ossuary and Gauntlet.

You collected 566 gold pieces.

Inventory:

Hand Weapons
 a - a +0 war axe (weapon)
Armour
 c - a +0 buckler (worn)
 g - a +0 pair of gloves (worn)
 l - the +0 pair of boots "Hitiott" (worn) {rCorr Dex+2}
   (You found it in a Gauntlet)

   Dex:       It affects your dexterity (+2).
   rCorr:     It protects you from acid and corrosion.
 E - the +5 robe of Night {Dark Will+ SInv}
   (You found it on level 10 of the Dungeon)

   It shrouds the wearer in darkness, reducing the range at which they can see
   and be seen by others.
   SInv:      It lets you see invisible.
   Will:      It increases your willpower.
 F - a +0 plate armour (worn)
 G - a +1 helmet of intelligence (worn)
Jewellery
 r - an amulet of reflection (around neck)
 w - a ring of flight (right hand)
 y - a ring of see invisible (left hand)
Wands
 s - a wand of mindburst (21)
 t - a wand of polymorph (4)
 B - a wand of flame (12)
Scrolls
 f - 2 scrolls of magic mapping
 j - a scroll of brand weapon
 o - 2 scrolls of holy word
 p - 3 scrolls of fear
 u - 2 scrolls of silence
 v - 2 scrolls of teleportation
 x - 4 scrolls of blinking
 A - a scroll of enchant armour {unknown}
 D - a scroll of enchant weapon
Potions
 b - a potion of invisibility
 d - 4 potions of might
 e - 2 potions of cancellation
 h - 9 potions of curing
 k - 3 potions of resistance
 m - a potion of haste
 n - a potion of magic {unknown}
 z - a potion of mutation
 C - 2 potions of lignification {unknown}


   Skills:
 + Level 9.4 Fighting
 * Level 10.6 Axes
 + Level 9.4 Armour
 + Level 9.5 Shields


You had 10 spell levels left.
You didn't know any spells.
Your spell library contained the following spells:

 Spells                   Type           Power      Damage    Failure   Level
 Freeze                   Ice            0%         1d3       99%         1
 Frozen Ramparts          Ice            0%         1d2       100%        3
 Gell's Gravitas          Tloc           0%         N/A       100%        3
 Lesser Beckoning         Tloc           0%         N/A       100%        3
 Teleport Other           Tloc           0%         N/A       100%        3
 Hailstorm                Conj/Ice       0%         3d3       100%        4


Dungeon Overview and Level Annotations

Branches:
Dungeon (11/15)            Temple (1/1) D:4            Lair (0/6) D:9
  Sewer (visited)         Ossuary (visited)         Gauntlet (1/1)
    Orc: D:9-12

Altars:
Ashenzari
Cheibriados
Dithmenos
Elyvilon
Fedhas
Gozag
Hepliaklqana
Kikubaaqudgha
Makhleb
Nemelex Xobeh
Okawaru
Qazlal
Ru
Sif Muna
Trog
Uskayaw
Vehumet
Wu Jian
Xom
Yredelemnul
Zin
The Shining One

Portals:
Abyss: D:10

Annotations:
D:10 2 transporters, GilGalad's ghost, journeyman HuBe Gauntlet 8 transporters, exclusion: obsidian statue


Innate Abilities, Weirdness & Mutations

You are immune to sickness and miasma.
Your stone body is resilient. (AC +8)
You are immune to poison.
You resist negative energy. (rN+)
You are resistant to electric shocks. (rElec)
You are resistant to unholy torment.
You are immune to petrification.


Message History

You slash the minotaur!
The minotaur is severely wounded.
You barely miss the minotaur.
The minotaur furiously retaliates!
The minotaur headbutts you, but does no damage.
The minotaur is severely wounded.
You block the minotaur's attack. x2
You barely miss the minotaur.
The minotaur furiously retaliates!
The minotaur headbutts you, but does no damage.
The minotaur is severely wounded.
The minotaur hits you with the +5 spear "Beqih" {vorpal, +Blink Dex+2}.
* * * LOW HITPOINT WARNING * * *
x2 The minotaur gores you but does no damage.
You hit the minotaur.
The minotaur is severely wounded.
You are no longer berserk.
You are exhausted.
You feel yourself slow down.
You feel much better.
The minotaur hits you but does no damage.
The minotaur barely misses you.
The minotaur hits you with the +5 spear "Beqih" {vorpal, +Blink Dex+2}!
* * * LOW HITPOINT WARNING * * *
The minotaur closely misses you.
Aiming: Mindburst
Press: ? - help, Shift-Dir - straight line, f - minotaur
Aim: a minotaur, wielding the +5 spear "Beqih" {vorpal, +Blink Dex+2}, wearing a +0 plate armour and quivering silver javelins (severely wounded, chance to affect: 6%)
Okay, then.
You hit the minotaur but do no damage.
The minotaur is severely wounded.
The minotaur hits you but does no damage.
The minotaur gores you.
* * * LOW HITPOINT WARNING * * *
You closely miss the minotaur.
The minotaur furiously retaliates!
The minotaur headbutts you, but does no damage.
The minotaur is severely wounded.
The minotaur hits you with the +5 spear "Beqih" {vorpal, +Blink Dex+2}.
* * * LOW HITPOINT WARNING * * *
x2 You block the minotaur's attack.
The minotaur hits you with the +5 spear "Beqih" {vorpal, +Blink Dex+2}!!
You die...

#≈...#### ####
#####.......
#...##.####.8....
#.#.##..##≈...... #
#.#......##...### ##'
#.#.##....#...#85 #.⌠.
#...##.©8.#...#!#
#...∩##.#.##....#...#[#
+⌠..ZH@.#....©8.#.8.#©#
#..⌠.##.#.##....#...#.#
###+ #...##.©8.#...#..
#.#.##....#...#..
#.#......##...###
#.#.##..##≈......
#...##.####.8....
##########.......
#≈...####


You could see a minotaur and a minotaur zombie.

Vanquished Creatures
  2 death scarabs (Gauntlet)
  A deep elf pyromancer (D:10)
  A manticore (D:10)
  A kobold demonologist (D:10)
  Psyche (D:10)
  A troll (D:10)
  3 dream sheep (D:10)
  2 shadows (D:10)
  2 spectral black mambas (Gauntlet)
  A wyvern (D:9)
  A wraith (D:10)
  9 yaks
  2 steam dragons
  Menkaure (Ossuary)
  3 wargs (D:9)
  2 water moccasins
  An acid dragon (D:10)
  2 orc warriors
  A sky beast (D:6)
  2 black bears
  A spectral torpor snail (Gauntlet)
  2 ice beasts
  An ogre (D:6)
  3 centaurs
  A phantom (D:6)
  4 kobold brigands
  A bullfrog (D:7)
  A wyvern zombie (D:9)
  4 scorpions
  A water moccasin zombie (D:5)
  9 killer bees (D:10)
  5 wights (D:9)
  3 howler monkeys (D:9)
  A bullfrog zombie (D:6)
  2 lava snakes (D:8)
  2 centaur zombies
  3 hounds
  A jelly (D:4)
  5 orc priests
  A bullfrog skeleton (D:5)
  2 gnoll shamans
  An iguana (D:7)
  2 orc wizards
  A scorpion zombie (D:5)
  A hound skeleton (D:5)
  3 mummies (Ossuary)
  9 gnolls
  2 adders
  A shadow imp (D:7)
  2 white imps
  3 ufetubi
  2 worms
  3 dart slugs
  11 orcs
  3 bats
  3 endoplasms
  3 giant cockroaches
  5 goblins
  5 hobgoblins
  3 jackals
  20 kobolds
  5 quokkas
  11 ball pythons
  4 frilled lizards
  7 gnoll skeletons (Ossuary)
  6 gnoll zombies (Ossuary)
  3 goblin skeletons (Ossuary)
  5 goblin zombies (Ossuary)
  5 hobgoblin skeletons (Ossuary)
  4 hobgoblin zombies (Ossuary)
  4 kobold zombies (Ossuary)
  5 orc skeletons (Ossuary)
  3 orc zombies (Ossuary)
  9 rats
  5 rat skeletons (Ossuary)
  3 rat zombies (Ossuary)
  A bush (D:8)
255 creatures vanquished.

Vanquished Creatures (others)
  4 bushes (D:8)
  3 plants (D:8)
7 creatures vanquished.

Grand Total: 262 creatures vanquished

Notes
Turn   | Place    | Note
-------+----------+-------------------------------------------
     0 | D:1      | sanboga the Gargoyle Fighter began the quest for the Orb.
     0 | D:1      | Reached XP level 1. HP: 14/14 MP: 1/1
   117 | D:1      | Reached skill level 2 in Axes
   163 | D:1      | Reached XP level 2. HP: 18/19 MP: 2/2
   725 | D:1      | Reached XP level 3. HP: 22/23 MP: 3/3
  1477 | D:2      | Reached XP level 4. HP: 9/29 MP: 4/4
  2922 | D:4      | Found a shadowy altar of Dithmenos.
  2936 | D:4      | Reached skill level 3 in Axes
  3031 | D:4      | Found a glowing drain.
  3047 | Sewer    | Entered a sewer
  3126 | Sewer    | Noticed a kobold brigand
  3127 | Sewer    | Noticed a kobold brigand
  3140 | Sewer    | Killed a kobold brigand
  3141 | Sewer    | Reached XP level 5. HP: 13/33 MP: 5/5
  3142 | Sewer    | Killed a kobold brigand
  3143 | Sewer    | Reached XP level 6. HP: 14/38 MP: 6/6
  3353 | Sewer    | Found a white marble altar of Elyvilon.
  3470 | D:4      | Reached skill level 4 in Axes
  3552 | D:4      | Noticed a black bear
  3561 | D:4      | Killed a black bear
  3875 | D:4      | Found a staircase to the Ecumenical Temple.
  3893 | Temple   | Entered the Ecumenical Temple
  3984 | Temple   | Became a worshipper of Trog the Wrathful
  4114 | D:4      | Reached XP level 7. HP: 18/44 MP: 7/7
  4378 | D:5      | Entered Level 5 of the Dungeon
  4411 | D:5      | Reached skill level 5 in Shields
  4464 | D:5      | Reached skill level 5 in Fighting
  4616 | D:5      | Reached skill level 5 in Armour
  4644 | D:5      | Reached skill level 5 in Axes
  4686 | D:5      | Found a sand-covered staircase.
  4693 | Ossuary  | Entered an ossuary
  4712 | Ossuary  | Reached * piety under Trog
  4984 | Ossuary  | Reached ** piety under Trog
  5020 | Ossuary  | Noticed Menkaure
  5033 | Ossuary  | Killed Menkaure
  5034 | Ossuary  | Reached XP level 8. HP: 16/50 MP: 8/8
  6172 | D:6      | Reached skill level 6 in Axes
  6781 | D:6      | Reached XP level 9. HP: 45/56 MP: 9/9
  7011 | D:6      | Reached skill level 7 in Axes
  8164 | D:7      | Identified the +2 ring mail of the Seven Portals {rF- rN+
                  | rCorr MP+9}
  8670 | D:8      | Reached skill level 8 in Axes
  8907 | D:8      | HP: 2/57 [orc warrior/+0 trident (8)]
  8912 | D:8      | Reached XP level 10. HP: 35/63 MP: 10/10
 10054 | D:9      | Found a staircase to the Lair.
 10065 | D:9      | Reached *** piety under Trog
 10851 | D:9      | Reached skill level 9 in Axes
 11079 | D:10     | Entered Level 10 of the Dungeon
 11093 | D:10     | Noticed a toenail golem
 11094 | D:10     | Noticed a toenail golem
 11111 | D:10     | Noticed a worldbinder
 11111 | D:10     | Noticed a large abomination
 11192 | D:10     | Noticed a thrashing horror
 11193 | D:10     | Noticed GilGalad's ghost (journeyman HuBe)
 11202 | D:10     | Found a one-way gate to the infinite horrors of the Abyss.
 11208 | D:10     | Found a transporter.
 11215 | D:10     | Found a transporter.
 11237 | D:10     | Noticed a kobold demonologist
 11255 | D:10     | Killed a kobold demonologist
 11860 | D:10     | Noticed a deep elf pyromancer
 11875 | D:10     | Killed a deep elf pyromancer
 11876 | D:10     | Reached XP level 11. HP: 69/69 MP: 11/11
 12043 | D:10     | Reached skill level 10 in Axes
 12473 | D:10     | Found the +5 robe of Night {Dark Will+ SInv}
 12577 | D:10     | Noticed a manticore
 12591 | D:10     | Killed a manticore
 12796 | D:10     | Noticed Psyche
 12810 | D:10     | Killed Psyche
 12822 | D:11     | Noticed a brown ugly thing
 12848 | D:11     | Found a gate leading to a gauntlet.
 12857 | Gauntlet | Entered a Gauntlet
 12857 | Gauntlet | Found a transporter.
 12859 | Gauntlet | Noticed a death scarab
 12870 | Gauntlet | Noticed a ghost crab
 12894 | Gauntlet | Noticed a death scarab
 13007 | Gauntlet | Noticed a sixfirhy
 13009 | Gauntlet | Found a transporter.
 13010 | Gauntlet | Noticed a sixfirhy
 13027 | Gauntlet | Found a transporter.
 13030 | Gauntlet | Found a transporter.
 13051 | Gauntlet | Found a transporter.
 13061 | Gauntlet | Noticed an obsidian statue
 13064 | Gauntlet | Found a transporter.
 13073 | Gauntlet | Noticed a death scarab
 13077 | Gauntlet | Found a transporter.
 13078 | Gauntlet | Noticed a death scarab
 13106 | Gauntlet | Found a transporter.
 13106 | Gauntlet | Found a transporter.
 13113 | Gauntlet | Found a transporter.
 13142 | Gauntlet | Found a transporter.
 13142 | Gauntlet | Found a transporter.
 13328 | Gauntlet | Killed a death scarab
 13329 | Gauntlet | Killed a death scarab
 13585 | Gauntlet | Identified the +0 pair of boots "Hitiott" {rCorr Dex+2}
 13587 | Gauntlet | Noticed a sixfirhy
 13712 | Gauntlet | Identified the +5 spear "Beqih" {vorpal, +Blink Dex+2}
 13712 | Gauntlet | Noticed a minotaur
 13729 | Gauntlet | Mangled by a minotaur

Illustrated notes

Levels and vault maps discovered:
D:1:      lightli_iron_boxes, layout_loops_corners
D:2:      layout_loops_corners, cheibrodos_gnoll_hut
D:3:      layout_rooms
D:4:      layout_basic, nicolae_dithmenos_through_a_glass_darkly,
          minmay_temple_entry_junction_2, cheibrodos_sewer_entry_drain
D:5:      layout_basic, lightli_ossuary_entry_decrepit_ruins,
          hangedman_abyss_or_decor_jellyfish_corner
D:6:      layout_basic
D:7:      layout_loops_corners
D:8:      layout_basic, minmay_hedge_maze, kennysheep_big_empty_room,
          serial_bayou_pond_c, minmay_misc_feat_plants, minmay_misc_feat_tiny
D:9:      layout_roguey, erik_lair_orcish_takeover
D:10:     kennysheep_blocky_room, layout_cave_pools,
          gammafunk_ghost_abyssal_escape, hellmonk_guarded_unrand_night,
          uniq_psyche
D:11:     layout_stronghold, gauntlet_entry_generic, minmay_misc_feat_chi,
          uniq_maurice, uniq_erolcha
Temple:   dpeg_three_leaves_temple
Gauntlet: minmay_gauntlet_mixed_oops_all_seconds
          [minmay_gauntlet_arena_77_mirror, nicolae_gauntlet_arena_blocks,
          minmay_gauntlet_arena_77_mess, gammafunk_gauntlet_arena_corners,
          minmay_gauntlet_arena_77_box, gammafunk_gauntlet_arena_grid,
          gauntlet_exit_hidden_loot]

Skill      XL: |  1  2  3  4  5  6  7  8  9 10 11 |
---------------+----------------------------------+-----
Axes           | 2 3 4 5 6 8 9 10 | 10.6
Shields        | 4 5 6 7 8 9 |  9.5
Fighting       | 4 5 6 7 8 9 |  9.4
Armour         | 4 5 6 7 8 9 |  9.4

Action                   |  1- 3 |  4- 6 |  7- 9 | 10-12 || total
-------------------------+-------+-------+-------+-------++-------
Melee: War axe           |    67 |   142 |   452 |   324 ||   985
Invok: Berserk           |       |       |     3 |     8 ||    11
Evoke: Wand              |       |       |       |     1 ||     1
  Use: Potion            |       |     1 |     2 |     1 ||     4
       Scroll            |       |       |    13 |     6 ||    19
Armor: Scale mail        |    41 |   101 |   134 |       ||   276
       Chain mail        |       |       |   164 |    91 ||   255
       Plate armour      |       |       |       |   148 ||   148
Dodge: Dodged            |    32 |    81 |   167 |   118 ||   398
Block: Buckler           |    17 |    39 |   101 |   201 ||   358
       Reflection        |       |       |       |     3 ||     3
